Match 36776615
Unlisted

Match 36776615
End
Panzergrenadier Squad
Selects Battlefield Espionage Battlegroup
250 Light Carrier
Panzergrenadier Squad
Construct Light Support Kompanie
Combat Half-tracks
MG34 Team
Selects 250/3 Funkpanzerwagen
Construct Mechanized Kompanie
254 Reconnaissance Tractor
Selects Intel Disruption Beacon
2.5-tonne Medical Truck
Support Armor Elements
Panzerjäger Mechanized Group
Emergency Repair Kits
Selects Advanced Ambush Training
Selects Transfer Depots
Panzergrenadier Squad
Marder III Tank Destroyer
254 Reconnaissance Tractor
Marder III Tank Destroyer
Veteran Squad Leaders
StuG III D Assault Gun
Pak 38 Mechanized Group
Selects Firestorm
Construct Panzerarmee Kommand
18-tonne Recovery Half-track
Marder III Tank Destroyer
Vehicle Survival Package
Rapid Advance
Selects Operation Skorpion
Construct Panzerarmee Kommand
Flak 36 Anti-tank Gun Team
Pak 38 Mechanized Group
Firestorm
Armored Reserves
Panzergrenadier Squad
Tiger Heavy Tank
2.5-tonne Medical Truck
Cyone
Klaus
†TugaElite†
banksss33
fleXor
Marijuana
0
0

Comments sign in to comment!

No comments posted yet!